 Dungeon Crawl Stone Soup version 0.22-a0-322-g60b3cfd (webtiles) character file.

5478 tilp the Spear-Bearer (level 10, -3/70 HPs)
             Began as a Merfolk Ice Elementalist on Apr 5, 2018.
             Was a Believer of Makhleb.
             Slain by Erica
             ... wielding a +4 scimitar of flaming
              (6 damage)
             ... on level 8 of the Dungeon.
             The game lasted 00:54:30 (15353 turns).

tilp the Spear-Bearer (Merfolk Ice Elementalist)   Turns: 15353, Time: 00:54:31

Health: -3/70      AC: 10    Str:  5    XL:     10   Next: 69%
Magic:  1/14       EV: 15    Int: 17    God:    Makhleb [**....]
Gold:   209        SH:  5    Dex: 16    Spells: 1/13 levels left

rFire    x . .     SeeInvis .   a - +2 whip (elec)
rCold    + . .     Gourm    .   t - +0 buckler
rNeg     . . .     Faith    .   I - +2 robe {Archmagi}
rPois    +         Spirit   .   i - +0 helmet
rElec    .         Reflect  .   E - scarf {cloud immunity}
rCorr    +         Harm     .   G - +0 pair of gloves
MR       ++...                  (no boots)
Stlth    ++........             (no amulet)
HPRegen  0.21/turn              v - ring of ice
MPRegen  0.14/turn              N - ring "Buess" {rCorr +Fly rPois MR++ Str-3}

@: icy armour, about to teleport, corroded
A: change form in water, swift swim, stealthy swim
a: Minor Destruction, Renounce Religion, Evoke Flight


You were on level 8 of the Dungeon.
You worshipped Makhleb.
Makhleb was pleased with you.
You were near starving.

You visited 2 branches of the dungeon, and saw 9 of its levels.

You collected 380 gold pieces.
You spent 171 gold pieces at shops.

Inventory:

Hand Weapons
 a - a +2 whip of electrocution (weapon)
 b - a +1 shortbow of flaming
 e - a +2 war axe of pain
 f - a +4 trident
 n - a cursed +1 spear
 p - a +2 hand axe of electrocution
 y - a +0 trident
 A - a +0 spear
 F - a +3 dire flail of holy wrath
Missiles
 k - 164 arrows
 M - 6 tomahawks
 O - a tomahawk of returning (quivered)
Armour
 i - a +0 helmet (worn)
 j - the +0 robe of the Ladybird {rPois Regen+ MP-9 Str+6}
   (You found it on level 5 of the Dungeon)

   It affects your strength (+6).
   It protects you from poison.
   It affects your magic capacity (-9).
   It increases your rate of regeneration.
 t - a +0 buckler (worn)
 E - a scarf of cloud immunity (worn)
 G - a +0 pair of gloves (worn)
 I - a +2 robe of the Archmagi (worn)
 P - a scarf of cloud immunity
Magical Staves
 o - an uncursed staff of energy {unknown}
 B - an uncursed staff of power {unknown}
 D - an uncursed staff of power {unknown}
Jewellery
 d - an uncursed ring of poison resistance
 v - a ring of ice (left hand)
 C - an uncursed ring of resist corrosion
 N - the ring "Buess" (right hand) {rCorr +Fly rPois MR++ Str-3}
   (You found it on level 5 of the Dungeon)

   [ring of resist corrosion]

   It affects your strength (-3).
   It protects you from poison.
   It affects your resistance to hostile enchantments.
   It lets you fly.
 Q - an uncursed ring of stealth {unknown}
Wands
 r - a wand of acid (10)
 J - a wand of polymorph (7)
Scrolls
 l - 3 scrolls of enchant weapon
 m - a scroll of enchant armour {unknown}
 q - a scroll of acquirement {unknown}
 H - 2 scrolls of fog
 L - a scroll of silence {unknown}
Potions
 g - a potion of haste
 s - 3 potions of mutation
 u - a potion of cancellation
 w - a potion of invisibility
 x - 2 potions of might
 z - 2 potions of curing
Comestibles
 c - 18 rations


   Skills:
 - Level 3.1 Fighting
 + Level 11.5 Polearms
 - Level 5.3 Dodging
 - Level 2.1 Stealth
 - Level 4.6 Shields
 - Level 2.0 Spellcasting
 - Level 0.7 Conjurations
 - Level 10.1 Ice Magic
 - Level 6.1 Invocations
 - Level 4.3 Evocations


You had one spell level left.
You knew the following spells:

 Your Spells              Type           Power        Failure   Level  Hunger
a - Freeze                Ice            ####         1%          1    #......
b - Throw Frost           Conj/Ice       #####.       3%          2    ###....
c - Ozocubu's Armour      Chrm/Ice       #####...     8%          3    ###....
d - Throw Icicle          Conj/Ice       #####...     21%         4    #####..
e - Ensorcelled Hibernat  Hex/Ice        #####.       3%          2    ###....


Dungeon Overview and Level Annotations

Branches:
Dungeon (8/15)             Temple (1/1) D:6
   Lair: D:8-11

Altars:
Ashenzari
Cheibriados
Dithmenos
Elyvilon
Fedhas
Gozag
Hepliaklqana
Kikubaaqudgha
Makhleb
Nemelex Xobeh
Okawaru
Qazlal
Ru
Sif Muna
Trog
Uskayaw
Vehumet
Wu Jian
Xom
Yredelemnul
Zin
The Shining One

Shops:
D:4 *[   D:6 (

Annotations:
D:5 Prince Ribbit
D:7 exclusion: ice statue
D:8 exclusion: yaktaur, Erica


Message History

You are splashed with acid!
The acid burns!
You resist.
Casting: Freeze (safe; 1% risk of failure)
Confirm with . or Enter, or press ? or * to list all spells.
Aiming: Freeze (safe; 1% risk of failure)
Press: ? - help, Shift-Dir - straight line, f/p - Erica
Aim: Erica, wielding a scimitar of flaming, wearing a glowing robe and carrying a wand of acid (8) (severely wounded)
You feel a strong surge of power!
You freeze Erica.
Erica is severely wounded.
Erica gestures wildly while chanting.
Erica flickers and vanishes!
Deactivating autopickup; reactivate with Ctrl-A.
Casting: Freeze (safe; 1% risk of failure)
Confirm with . or Enter, or press ? or * to list all spells.
You can't see any susceptible monsters within range! (Use Z to cast anyway.) Unknown command.
As you read the scroll of teleportation, it crumbles to dust.
You feel strangely unstable. Something hits you!
* * * LOW HITPOINT WARNING * * *
Something burns you.
You die...

#####.)......####.# #....
#.....<..####.# #....
####'##..[....# #....
#......###### #....
#......#############....
#......##...............
#......##.............).
#......##...............
#......@)...........)...
#.....{#####.##....#####
##########.....)......##....#
#
#.....................##....#
#
#.#######..#......@...#....##
#
#....................(.....#
#
#..#####.#########.#####...#
# #. .... .......#...######
#. Yc##### ###.###.#...##...#


There were no monsters in sight!

Vanquished Creatures
  2 two-headed ogres (D:8)
  A spriggan (shapeshifter) (D:8)
  A yak (D:7)
  A human (D:7)
  3 hogs (D:7)
  Edmund (D:4)
  A water moccasin (D:6)
  3 orc warriors
  3 sky beasts
  A black bear (D:6)
  2 ice beasts
  4 centaurs
  2 ogres (D:6)
  4 bullfrogs
  A wyvern zombie (D:7)
  2 scorpions
  A howler monkey (D:7)
  5 wights (D:8)
  2 crimson imps
  A centaur zombie (D:5)
  4 orc priests
  A bullfrog zombie (D:8)
  A bullfrog skeleton (D:4)
  3 hounds
  2 jellies
  An iguana (D:4)
  8 worker ants
  9 orc wizards
  A hound skeleton (D:7)
  2 howler monkey zombies
  2 worker ant zombies
  11 adders
  A shadow imp (D:8)
  2 oozes
  4 worms
  7 leopard geckos
  36 orcs
  6 bats
  8 giant cockroaches
  6 goblins
  6 hobgoblins
  13 jackals
  6 kobolds
  2 quokkas
  2 ball pythons
  12 frilled lizards
  A leopard gecko skeleton (D:4)
  5 rats
203 creatures vanquished.

Notes
Turn   | Place    | Note
-------+----------+-------------------------------------------
     0 | D:1      | tilp the Merfolk Ice Elementalist began the quest for the Orb.
     0 | D:1      | Reached XP level 1. HP: 13/13 MP: 3/3
   317 | D:1      | Reached XP level 2. HP: 19/19 MP: 0/5
   324 | D:1      | Learned a level 2 spell: Throw Frost
   962 | D:1      | Reached XP level 3. HP: 23/24 MP: 4/6
  1291 | D:1      | Learned a level 3 spell: Ozocubu's Armour
  1347 | D:2      | Found a sparkling altar of Nemelex Xobeh.
  1366 | D:2      | Reached skill level 5 in Ice Magic
  1713 | D:2      | Found a blossoming altar of Fedhas.
  1811 | D:2      | Reached XP level 4. HP: 30/30 MP: 1/7
  2416 | D:2      | Noticed a centaur
  2434 | D:2      | Killed a centaur
  2434 | D:2      | Reached XP level 5. HP: 13/35 MP: 0/8
  3271 | D:3      | Reached skill level 1 in Shields
  3271 | D:3      | Reached XP level 6. HP: 33/41 MP: 0/9
  4280 | D:4      | Noticed Edmund
  4608 | D:4      | Found Zin's Purification Station.
  4676 | D:4      | Found a glowing silver altar of Zin.
  5352 | D:4      | Killed Edmund
  5352 | D:4      | Reached XP level 7. HP: 46/46 MP: 2/10
  5440 | D:4      | Reached skill level 1 in Fighting
  5922 | D:4      | Found Vilyh's Antique Armour Shop.
  5930 | D:4      | Bought a helmet for 94 gold pieces
  5930 | D:4      | Bought a glowing robe for 77 gold pieces
  6013 | D:5      | Entered Level 5 of the Dungeon
  6149 | D:5      | Got a smoking pewter ring
  6684 | D:5      | Reached skill level 1 in Evocations
  6944 | D:5      | Noticed Prince Ribbit
  7367 | D:4      | Identified the ring "Buess" {rCorr +Fly rPois MR++ Str-3} (You found it on level 5 of the Dungeon)
  8028 | D:5      | Reached XP level 8. HP: 53/58 MP: 7/11
  8372 | D:5      | Found an ornate altar of the Wu Jian Council.
  8377 | D:5      | Got a ripped robe
  9158 | D:6      | Found Tasoic's Antique Weapon Emporium.
  9328 | D:6      | Found a staircase to the Ecumenical Temple.
  9356 | D:6      | Reached skill level 5 in Dodging
  9391 | Temple   | Entered the Ecumenical Temple
  9551 | Temple   | Became a worshipper of Makhleb the Destroyer
 10203 | D:6      | Reached XP level 9. HP: 33/63 MP: 0/12
 11050 | D:6      | Identified the cursed +0 robe of the Ladybird {rPois Regen+ MP-9 Str+6} (You found it on level 5 of the Dungeon)
 11258 | D:7      | Reached * piety under Makhleb
 11283 | D:7      | Reached skill level 10 in Ice Magic
 11419 | D:7      | Reached skill level 1 in Invocations
 11454 | D:7      | Found a hide-covered altar of Uskayaw.
 12295 | D:7      | Noticed an ice statue
 12333 | D:7      | Reached skill level 5 in Invocations
 12761 | D:7      | Learned a level 4 spell: Throw Icicle
 12768 | D:7      | Reached skill level 3 in Polearms
 12871 | D:7      | Reached skill level 4 in Polearms
 13119 | D:7      | Reached XP level 10. HP: 70/70 MP: 12/14
 13150 | D:7      | Learned a level 2 spell: Ensorcelled Hibernation
 13178 | D:7      | Reached skill level 5 in Polearms
 13576 | D:8      | Reached skill level 6 in Polearms
 13838 | D:8      | Reached skill level 7 in Polearms
 13867 | D:8      | Noticed a two-headed ogre
 13877 | D:8      | Killed a two-headed ogre
 13877 | D:8      | Reached skill level 9 in Polearms
 14163 | D:6      | Found a bloodstained altar of Trog.
 14328 | D:8      | Noticed a two-headed ogre
 14376 | D:8      | Found a shadowy altar of Dithmenos.
 14395 | D:8      | Noticed a black mamba
 14395 | D:8      | a hornet changed into a black mamba
 14396 | D:8      | a black mamba changed into a shapeshifter
 14691 | D:8      | Killed a two-headed ogre
 14691 | D:8      | Reached ** piety under Makhleb
 14691 | D:8      | Reached skill level 11 in Polearms
 15095 | D:8      | Noticed a kobold demonologist
 15097 | D:8      | Noticed a deep elf mage
 15244 | D:8      | Noticed Erica
 15353 | D:8      | HP: 3/70 [something (15)]
 15353 | D:8      | Slain by Erica

Vault maps used:
D:1:      dpeg_arrival_tiny_a, minmay_liquid_box, amethyst_killhole,
          palyth_stone_intersect, minmay_misc_feat_plants, minivault_5,
          minivault_4, minmay_tromino_i2
D:2:      lemuel_coloured_pillars_altar, nemelex_xobeh_ov_fountains_minmay,
          st_stairs_7, minmay_lizard_king
D:3:      serial_park_tiny_1
D:4:      zin_purify, first_ration, serial_shops, shop, uniq_edmund
D:5:      basic_altar, uniq_prince_ribbit1
D:6:      lightli_temple_of_fire, minmay_temple_entry_statues_fountains,
          serial_shops, nicolae_shop_overgrown_old_shop
D:7:      lemuel_ice_statue, eat_drink_and_be_merry_uskayaw, grunt_livestock
D:8:      nicolae_dithmenos_the_darkroom, minmay_the_grid_2x2, uniq_erica
Temple:   regret_index_temple_sphere_string

Skill      XL: |  1  2  3  4  5  6  7  8  9 10 |
---------------+-------------------------------+-----
Ice Magic      | 4 5 6 7 8 10 | 10.1
Shields        | 1 4 |  4.6
Fighting       | 3 |  3.1
Evocations     | 3 4 |  4.3
Dodging        | 5 |  5.3
Invocations    | 6 |  6.1
Polearms       | 4 11 | 11.5
Stealth        | |  2.1
Spellcasting   | |  2.0
Conjurations   | |  0.7

Action                   |  1- 3 |  4- 6 |  7- 9 | 10-12 || total
-------------------------+-------+-------+-------+-------++-------
Melee: Dagger            |    10 |   125 |   123 |       ||   258
       Whip              |       |       |    88 |   106 ||   194
Throw: Stone             |     5 |    22 |     3 |       ||    30
       Tomahawk          |       |       |    21 |    10 ||    31
 Cast: Freeze            |    44 |    61 |   169 |    51 ||   325
       Ozocubu's Armour  |     1 |    19 |    34 |    18 ||    72
       Throw Frost       |       |    24 |    25 |     6 ||    55
       Ensorcelled Hiber |       |       |       |     3 ||     3
Evoke: Wand              |       |     2 |     8 |     6 ||    16
  Use: Potion            |       |     6 |     1 |       ||     7
       Scroll            |       |     4 |     6 |     6 ||    16
 Stab: Sleeping          |       |     5 |     5 |     3 ||    13
  Eat: Chunk             |     3 |    17 |    20 |     6 ||    46
       Ration            |       |       |     4 |     1 ||     5
Armor: Robe              |     6 |    30 |   115 |    39 ||   190
       Skin              |       |    13 |       |       ||    13
Dodge: Dodged            |    33 |    93 |   199 |    75 ||   400
Block: Buckler           |       |       |   100 |    32 ||   132

Table legend:
 A = Spawn XP
 B = Non-spawn XP
 C = Spawn XP percentage of total XP
 D = Spawn monster count
 E = Non-spawn monster count
 F = Spawn count percentage of total count
 G = Total turns spent on level
                    A         B        C        D         E        F      G
               +---------+---------+-------+---------+---------+-------+---------
         Total |       0 |    7826 |   0.0 |       0 |     203 |   0.0 | 15353
               +---------+---------+-------+---------+---------+-------+---------
           D:1 |       0 |      50 |   0.0 |       0 |      27 |   0.0 |  1293
           D:2 |       0 |     199 |   0.0 |       0 |      23 |   0.0 |  1781
           D:3 |       0 |     174 |   0.0 |       0 |      23 |   0.0 |  1231
           D:4 |       0 |     430 |   0.0 |       0 |      19 |   0.0 |  2207
           D:5 |       0 |     468 |   0.0 |       0 |      24 |   0.0 |  2478
           D:6 |       0 |    1309 |   0.0 |       0 |      21 |   0.0 |  1949
           D:7 |       0 |    2098 |   0.0 |       0 |      40 |   0.0 |  2775
           D:8 |       0 |    3098 |   0.0 |       0 |      26 |   0.0 |  1452
               +---------+---------+-------+---------+---------+-------+---------
